 Dungeon Crawl Stone Soup version 0.13-b1-24-g18a6e78 (webtiles) character file.

318 DaftWullie the Cutter (level 6, -3/58 HPs)
             Began as a Kobold Berserker on Oct 2, 2013.
             Was a Priest of Trog.
             Killed by nerve-wracking pain
             ... invoked by an orc priest
              (6 damage)
             ... on Level 3 of the Dungeon on Oct 3, 2013.
             The game lasted 00:27:29 (2377 turns).

DaftWullie the Cutter (Kobold Berserker)            Turns: 2377, Time: 00:27:29

HP  -3/58        AC  3     Str 21      XL: 6   Next: 26%
MP   5/5         EV 16     Int  6      God: Trog [***...]
Gold 85          SH  0     Dex 16      Spells:  0 memorised,  5 levels left

Res.Fire  : . . .   See Invis. : +   a - +0 short sword
Res.Cold  : . . .   Warding    : .   w - +0 leather armour
Life Prot.: + . .   Conserve   : .   (no shield)
Res.Poison: .       Res.Corr.  : .   (no helmet)
Res.Elec. : .       Clarity    : .   (no cloak)
Sust.Abil.: . .     Spirit.Shd : .   (no gloves)
Res.Mut.  : .       Stasis     : .   (no boots)
Res.Rott. : .       Flight     : .   (no amulet)
Saprovore : + + .                    h - ring of see invisible {unknown}
                                     k - ring of positive energy {unknown}

@: berserking, very quick, slightly resistant to hostile enchantments, extremely
unstealthy
A: disease resistance, carnivore 3, saprovore 2
a: Burn Spellbooks, Berserk, Trog's Hand, Renounce Religion


You were on level 3 of the Dungeon.
You worshipped Trog.
Trog was most pleased with you.
You were very full.

You visited 1 branch of the dungeon, and saw 4 of its levels.

You collected 65 gold pieces.

Inventory:

Hand weapons
 a - a +0,+0 short sword (weapon)
 u - a +0,+0 dagger
Missiles
 l - 27 darts (quivered)
 o - a dart of flame
 s - 16 poisoned needles
Armour
 b - a +0 animal skin
 w - a +0 leather armour (worn)
Comestibles
 c - 2 meat rations
Scrolls
 e - a scroll of magic mapping
 g - 2 scrolls of identify
 i - 3 scrolls of noise
 j - a scroll of enchant weapon II {unknown}
 m - 2 scrolls of fog
 n - a scroll of teleportation {unknown}
 q - a scroll of enchant weapon I {unknown}
Jewellery
 h - a ring of see invisible (right hand) {unknown}
 k - a ring of positive energy (left hand) {unknown}
Potions
 d - a potion of curing
 f - a potion of confusion
 p - 2 potions of agility {unknown}
 r - a potion of brilliance {unknown}
 t - a potion of blood {unknown}
 v - a potion of resistance {unknown}
 x - a potion of porridge {unknown}


   Skills:
 * Level 4.2 Fighting
 * Level 6.1 Short Blades
 - Level 1.0 Throwing
 - Level 1.5 Armour
 + Level 4.7 Dodging
 + Level 1.7 Stealth


You had 5 spell levels left.
You didn't know any spells.

Dungeon Overview and Level Annotations

Branches:
Dungeon (4/27)
 Temple: D:4-7

Altars:

Annotations:
D:2 Sigmund


Innate Abilities, Weirdness & Mutations

You recuperate from illness quickly.
You are small and have problems with some larger weapons.
You are carnivorous and can eat meat at any time.
You can eat rotten meat.


Message History

You throw a dart. The dart hits the orc priest.
The orc priest hits you from afar with an orcish trident!
The orc priest mumbles some strange prayers to Beogh against you.
Something smites you!
Things that are here:
a glowing short sword; a kobold corpse You hit the orc priest.
The orc priest is lightly wounded.
The orc priest mumbles some strange prayers to Beogh against you.
Pain shoots through your body!
You hit the orc priest.
The orc priest is heavily wounded.
The orc priest hits you with an orcish trident!
* * * LOW HITPOINT WARNING * * *
Use which ability? (? or * to list)
A red film seems to cover your vision as you go berserk!
You feel yourself moving faster!
You feel mighty!
You feel somewhat less full.
The orc priest invokes the aid of Beogh against you.
Pain shoots through your body!
You die...

.# #.# #.# #......#^#........ .#
#.# #.# ###...##).........
.###.###.########.....)..........
.....................##..####.##.
.....###.########....##..####.##.
....................(....o.......
.....###.########..####..####.##.
.....###.########o.####..####....
.............(()@).()(.).........
.......#.########((####...###....
..........# ##.........# #....
............. .......(...###....
............ ..[................
............ ....................
..........## #............###.#..
....)...... ................#..
......##.## ...........##..#..


You could see an orc priest.

Vanquished Creatures
  A hound (D:4)
  An orc wizard (D:3)
  A worker ant (D:4)
  8 adders
  An ooze (D:3)
  10 orcs (D:3)
  A ball python (D:1)
  4 giant cockroaches
  3 goblins
  6 hobgoblins
  4 jackals
  10 bats
  2 giant geckos
  A giant newt (D:2)
  10 kobolds
  8 rats
71 creatures vanquished.

Notes
Turn   | Place    | Note
--------------------------------------------------------------
     0 | D:1      | DaftWullie, the Kobold Berserker, began the quest for the Orb.
     0 | D:1      | Reached XP level 1. HP: 14/14 MP: 0/0
   272 | D:1      | Reached XP level 2. HP: 19/19 MP: 1/1
   667 | D:1      | Reached XP level 3. HP: 16/24 MP: 2/2
   779 | D:2      | Acquired Trog's second power
   954 | D:2      | Reached skill level 5 in Short Blades
   954 | D:2      | Reached XP level 4. HP: 2/28 MP: 3/3
   956 | D:2      | HP: 1/42 [poisoned by an adder]
  1111 | D:2      | Upgraded the game from 0.13-b1-23-g6bc71ad to 0.13-b1-24-g18a6e78
  1135 | D:3      | Noticed a centaur
  1192 | D:2      | Noticed Sigmund
  1421 | D:2      | Reached skill level 1 in Stealth
  1779 | D:3      | Reached skill level 1 in Throwing
  1779 | D:3      | Reached XP level 5. HP: 12/33 MP: 4/4
  2173 | D:3      | Reached XP level 6. HP: 35/39 MP: 5/5
  2252 | D:3      | Reached skill level 6 in Short Blades
  2377 | D:3      | Killed from afar by an orc priest

Action                   |  1- 3 |  4- 6 || total
-------------------------+-------+-------++-------
Melee: Short sword       |   114 |   199 ||   313
Throw: Dart              |     1 |    33 ||    34
Invok: Berserk           |     3 |     4 ||     7
       Trog's Hand       |     1 |     1 ||     2
       Burn Spellbooks   |       |     1 ||     1
  Use: Potion            |       |     3 ||     3
       Scroll            |       |     4 ||     4
 Stab: Sleeping          |     2 |       ||     2
